 Dungeon Crawl Stone Soup version 0.31.0-32-g396128a36d (webtiles) character file.

Game seed: 14113886124990539953

120 H0rd4k the Insei (level 5, -2/35 HPs)
             Began as an Octopode Artificer on Mar 22, 2024.
             Incinerated by a bombardier beetle (4 damage)
             ... with a burning spray
             ... on level 2 of the Dungeon.
             The game lasted 00:01:23 (1438 turns).

H0rd4k the Insei (Octopode Artificer)               Turns: 1438, Time: 00:01:24

Health: -2/35      AC:  1    Str: 11    XL:     5   Next: 4%
Magic:  5/5        EV: 13    Int: 16    God:
Gold:   111        SH:  0    Dex: 12    Spells: 4/4 levels left

rFire   . .          .
                       - Unarmed
rCold   . . .        (no shield)
rNeg    . . .        (helmet restricted)
rPois   .            (no amulet)
rElec   .            (no ring)
rCorr   .            (no ring)
SInv    .            (no ring)
Will    .....        (no ring)
Stlth   +            (no ring)
HPRegen 0.25/turn    (no ring)
MPRegen 0.09/turn    (no ring)
                     (no ring)

%: no passive effects
@: lethally poisoned (-2 -> -7), on fire, glowing
A: almost no armour, amphibious, 8 rings, camouflage 1, gelatinous body 1,
(nimble swimmer 1), tentacles
a: no special abilities


You were on level 2 of the Dungeon.
You visited 1 branch of the dungeon, and saw 2 of its levels.

You collected 111 gold pieces.

Inventory:

Missiles
 m - 6 poisoned darts
Wands
 b - a wand of flame (11) (quivered)
 c - a wand of charming (14)
 d - a wand of iceblast (4)
Scrolls
 a - 3 scrolls of enchant weapon {unknown}
 e - 2 scrolls of identify {unknown}
 g - a scroll of enchant armour {unknown}
 h - a scroll of revelation {unknown}
 k - a scroll of noise {unknown}
 l - 2 scrolls of fear {unknown}
 o - 2 scrolls of vulnerability {unknown}
 p - 2 scrolls of blinking {unknown}
 q - a scroll of teleportation {unknown}
Potions
 f - a potion of mutation {unknown}
 i - 2 potions of curing {unknown}
 j - a potion of haste {unknown}
 n - a potion of enlightenment {unknown}


   Skills:
 + Level 2.4 Fighting
 - Level 2.3 Dodging
 - Level 1.3 Stealth
 + Level 3.8 Unarmed Combat
 - Level 3.2 Evocations


You had 4 spell levels left.
You didn't know any spells.
Your spell library was empty.

Dungeon Overview and Level Annotations

Branches:
Dungeon (2/15)

Altars:


Innate Abilities, Weirdness & Mutations

You cannot wear most types of armour.
You are amphibious.
You can wear up to eight rings at the same time.
Your skin changes colour to match your surroundings (Stealth+).
Your rubbery body absorbs attacks. (AC +1, EV +1)
((You are camouflaged when in or above water. (Stealth+)))
You have tentacles for arms and can constrict up to eight enemies at once.


Message History

An adder comes into view.
The adder hisses angrily.
You shake off some of the fire as you move.
The liquid fire burns you!
You bludgeon the bombardier beetle! You grab the bombardier beetle.
You squeeze the bombardier beetle!
The bombardier beetle is almost dead.
The liquid fire burns you!
You constrict the bombardier beetle, but do no damage.
The bombardier beetle sprays incendiary fluid at you.
The burning spray hits you.
You are even more covered in liquid fire!
You tentacle-slap the bombardier beetle.
The bombardier beetle is almost dead.
The liquid fire burns you!
You constrict the bombardier beetle.
You kill the bombardier beetle!
You have reached level 5!
You feel clever.
You tentacle-slap the adder but do no damage.
You grab the adder. The liquid fire burns you!
You constrict the adder. The adder bites you.
You are poisoned.
The adder poisons you!
You tentacle-slap the adder.
The adder is moderately wounded.
The liquid fire burns you!
* * * LOW HITPOINT WARNING * * *
You constrict the adder.
* * * LOW HITPOINT WARNING * * *
You feel sick. The adder misses you. The adder bites you.
* * * LOW HITPOINT WARNING * * *
Aiming: Throw Flame
Press: ? - help, Shift-Dir - straight line, f - adder
Aim: an adder (moderately wounded, constricted by you, 90% to hit)
The puff of flame hits the adder.
The adder is almost dead.
The liquid fire burns you!
You die...

.#####.# #......#
# #.# .......#
#......## #.#
..#######...####.#
## #.#
.....†.......
..... #.#
#)#...÷.....##
#.#.# #.#
#.#.#..#...##
##.#.### #.#
#.#.#.##.....
...... #.#
..#...#######
##†#.##### #.#
#...........
#.@S...... #.#
#...########
##.##..### #.#
#...# #.# .### #.#
..#.# #)# .... #.#
..#.# #.####.. #.#
.##.# #.#..... #.#
. #.# #)#.##.# #.#
#. #.#.##.# #.#
####.##.#.##.# #.#


You could see an adder.

Vanquished Creatures
  A bombardier beetle (D:2)
  3 gnolls (D:2)
  An adder (D:2)
  2 dart slugs
  A ribbon worm (D:2)
  4 endoplasms (D:1)
  A giant cockroach (D:1)
  2 hobgoblins (D:1)
  3 jackals (D:2)
  3 kobolds (D:2)
  3 quokkas
  A ball python (D:1)
  4 bats
  A frilled lizard (D:1)
  4 goblins
  7 rats
41 creatures vanquished.

Vanquished Creatures (collateral kills)
  A frilled lizard (D:1)
1 creature vanquished.

Vanquished Creatures (others)
  An endoplasm (D:1)
1 creature vanquished.

Grand Total: 43 creatures vanquished

Notes
Turn   | Place    | Note
-------+----------+-------------------------------------------
     0 | D:1      | H0rd4k the Octopode Artificer began the quest for the Orb.
     0 | D:1      | Reached XP level 1. HP: 13/13 MP: 1/1
   250 | D:1      | Reached XP level 2. HP: 8/18 MP: 2/2
   252 | D:1      | Reached skill level 1 in Unarmed Combat
   915 | D:2      | Reached XP level 3. HP: 19/24 MP: 3/3
  1090 | D:2      | Reached XP level 4. HP: 29/29 MP: 4/4
  1436 | D:2      | Reached XP level 5. HP: 18/35 MP: 5/5
  1438 | D:2      | Incinerated by a bombardier beetle

Illustrated notes

Levels and vault maps discovered:
D:1:      dpeg_arrival_tiny_g, layout_loops_cross, minmay_bisected
D:2:      layout_basic, shapermc_ecumenical_altar_petra, minmay_split_cup_large

Skill      XL: |  1  2  3  4 |
---------------+-------------+-----
Unarmed Combat | 1 2 3 |  3.8
Fighting       | 2 |  2.4
Dodging        | |  2.3
Stealth        | |  1.3
Evocations     | |  3.2

Action                     |  1- 3 |  4- 6 || total
---------------------------+-------+-------++-------
  Melee: Unarmed           |    79 |    22 ||   101
         Constrict         |    18 |     8 ||    26
         Tentacles         |    14 |     4 ||    18
         Punch             |     1 |     2 ||     3
  Evoke: Wand              |     3 |     3 ||     6
   Stab: Sleeping          |     5 |       ||     5
 Armour: Skin              |    27 |    10 ||    37
  Dodge: Dodged            |    46 |     8 ||    54
